 Dungeon Crawl Stone Soup version 0.30-a0-1160-g6e42c06551 (webtiles) character file.

Game seed: 14380029508210787247

319 Newt the Ducker (level 6, -5/48 HPs)
             Began as a Demonspawn Gladiator on Apr 25, 2023.
             Killed by divine providence
             ... invoked by an orc priest
              (15 damage)
             ... on level 4 of the Dungeon.
             The game lasted 00:03:34 (3057 turns).

Newt the Ducker (Demonspawn Gladiator)              Turns: 3057, Time: 00:03:35

Health: -5/48      AC: 12    Str: 16    XL:     6   Next: 21%
Magic:  6/6        EV: 13    Int: 10    God:
Gold:   180        SH:  0    Dex: 14    Spells: 5/5 levels left

rFire   x . .        v - +2 dagger (pain)
rCold   . . .        (no shield)
rNeg    + . .        b - +0 leather armour
rPois   .            w - +1 hat
rElec   .            (no cloak)
rCorr   .            q - +1 pair of gloves
SInv    .            (no boots)
Will    .....        g - amulet of magic regeneration
Stlth   ++           m - ring of positive energy
HPRegen 0.28/turn    h - +4 ring of protection
MPRegen 0.50/turn

%: no passive effects
@: confused, ambrosia-drunk, flying, unable to read
A: slimy green scales 1, spiny 2, camouflage 1, mutation resistance 1, heat
vulnerability 1, inability to read after injury 1
a: no special abilities


You were on level 4 of the Dungeon.
You visited 1 branch of the dungeon, and saw 4 of its levels.

You collected 180 gold pieces.

Inventory:

Hand Weapons
 a - a +0 rapier
 r - a +1 short sword of speed
 v - a +2 dagger of pain (weapon)
Missiles
 d - 2 throwing nets (quivered)
 e - a javelin
Armour
 b - a +0 leather armour (worn)
 c - a +0 helmet
 q - a +1 pair of gloves (worn)
 w - a +1 hat (worn)
Jewellery
 g - an amulet of magic regeneration (around neck)
 h - a +4 ring of protection (right hand)
 m - a ring of positive energy (left hand)
Wands
 t - a wand of paralysis (4)
Scrolls
 f - a scroll of amnesia
 i - 2 scrolls of fear
 j - 2 scrolls of vulnerability
 l - a scroll of poison
 n - a scroll of teleportation
 o - a scroll of blinking
 p - a scroll of silence
 s - a scroll of summoning
 z - a scroll of brand weapon
Potions
 k - a potion of magic


   Skills:
 - Level 4.0 Fighting
 - Level 4.0 Short Blades
 - Level 1.7 Throwing
 + Level 4.6 Dodging


You had 5 spell levels left.
You didn't know any spells.
Your spell library contained the following spells:

 Spells                   Type           Power      Damage    Failure   Level
 Sting                    Tmut/Pois      0%         1d3       43%         1
 Poisonous Vapours        Pois/Air       0%         N/A       56%         2
 Olgreb's Toxic Radiance  Pois           0%         N/A       99%         4


Dungeon Overview and Level Annotations

Branches:
Dungeon (4/15)
 Temple: D:4-7

Altars:


Innate Abilities, Weirdness & Mutations

You are partially covered in slimy green scales. (AC +2)
You are mostly covered in sharp spines.
Your skin changes colour to match your surroundings (Stealth+).
You are somewhat resistant to further mutation.
You are vulnerable to heat. (rF-)
You occasionally lose the ability to read scrolls when taking damage.


Message History

You barely miss the orc priest.
The orc priest is lightly wounded.
You hit the orc priest but do no damage.
The orc priest is lightly wounded.
The orc wizard barely misses you.
The orc priest mumbles some strange prayers to Beogh against you.
You barely resist. You hit the orc priest.
The orc priest is lightly wounded.
The orc priest is struck by your spines.
The orc priest closely misses you. The orc wizard casts a spell at you.
The puff of flame hits you! The fire burns you terribly!
You feel threatened and lose the ability to read scrolls!
You hit the orc priest but do no damage.
The orc priest is moderately wounded.
The orc priest is struck by your spines.
The orc priest hits you with a +0 flail!
* * * LOW HITPOINT WARNING * * *
The orc hits you but does no damage.
The orc wizard points at you and mumbles some strange words.
You are confused.
Unknown command.
It was a potion of flight.
You feel very buoyant.
You fly up into the air.
The orc wizard mumbles some strange words.
The orc wizard flickers and vanishes!
Deactivating autopickup; reactivate with Ctrl-A.
The orc hits you with a +0 dagger.
* * * LOW HITPOINT WARNING * * *
The orc priest hits you but does no damage.
Unknown command.
It was a potion of ambrosia.
You are more confused.
You feel invigorated. The orc is struck by your spines.
The orc barely misses you.
The orc priest calls down the wrath of Beogh upon you.
Beogh smites you!
You die...

#####.............###....†.......
###>.........#...#....###.)....
#....#.......#.....#..# #......
#............#...###..# #...###
#...............###.... ......
#......####.......##.##.#......
#.....................####....##
#...............o...... #.....
###.#.....#..#.@{S..... ..###..
#####..##..#..o....##
#...............#
##.......####..... ##.......#
#.... #.#.....# #... #..#......
... #.. ........ .. ## .#........


You could see an orc priest, an orc and a ball python.

Vanquished Creatures
  2 scorpions (D:4)
  Terence (D:3)
  Robin (D:3)
  A gnoll (D:2)
  3 adders
  2 worms (D:2)
  A dart slug (D:1)
  9 orcs
  7 bats
  5 endoplasms
  6 giant cockroaches
  18 goblins
  8 hobgoblins
  9 jackals
  A quokka (D:2)
  9 ball pythons
  4 frilled lizards
  13 kobolds
  5 rats
105 creatures vanquished.

Vanquished Creatures (others)
  A plant (D:4)
1 creature vanquished.

Grand Total: 106 creatures vanquished

Notes
Turn   | Place    | Note
-------+----------+-------------------------------------------
     0 | D:1      | Newt the Demonspawn Gladiator began the quest for the Orb.
     0 | D:1      | Reached XP level 1. HP: 16/16 MP: 1/1
    60 | D:1      | Gained mutation: You are partially covered in sharp spines.
                  | [demonic ancestry]
    60 | D:1      | Reached XP level 2. HP: 23/23 MP: 2/2
   886 | D:1      | Gained mutation: You are mostly covered in sharp spines.
                  | [demonic ancestry]
   886 | D:1      | Reached XP level 3. HP: 28/29 MP: 3/3
   899 | D:2      | Gained mutation: Your spells are a little harder to cast,
                  | but a little more powerful. [potion of mutation]
   899 | D:2      | Gained mutation: You have hidden genetic defects. [potion
                  | of mutation]
   971 | D:2      | Lost mutation: Your spells are a little harder to cast, but
                  | a little more powerful. [potion of mutation]
   971 | D:2      | Lost mutation: You have hidden genetic defects. [potion of
                  | mutation]
   971 | D:2      | Gained mutation: You have a pair of small antennae on your
                  | head. [potion of mutation]
   971 | D:2      | Gained mutation: You are dopey. (Int -2) [potion of
                  | mutation]
   971 | D:2      | Gained mutation: You have hidden genetic defects. [potion
                  | of mutation]
  1119 | D:2      | Gained mutation: You are vulnerable to heat. (rF-) [hidden
                  | defects]
  1226 | D:2      | Gained mutation: You occasionally lose the ability to read
                  | scrolls when taking damage. [hidden defects]
  1226 | D:2      | Lost mutation: You have hidden genetic defects. [hidden
                  | defects expressed]
  1516 | D:2      | Reached XP level 4. HP: 37/37 MP: 4/4
  2125 | D:3      | Noticed Terence
  2143 | D:3      | Killed Terence
  2402 | D:3      | Found a faded altar of an unknown god.
  2423 | D:3      | Noticed Robin
  2447 | D:3      | Gained mutation: You are partially covered in slimy green
                  | scales. (AC +2) [demonic ancestry]
  2447 | D:3      | Reached XP level 5. HP: 42/42 MP: 5/5
  2456 | D:3      | Killed Robin
  2797 | D:3      | Lost mutation: You have a pair of small antennae on your
                  | head. [potion of mutation]
  2797 | D:3      | Lost mutation: You are dopey. (Int -2) [potion of mutation]
  2797 | D:3      | Gained mutation: Your skin changes colour to match your
                  | surroundings (Stealth+). [potion of mutation]
  2797 | D:3      | Gained mutation: You are somewhat resistant to further
                  | mutation. [potion of mutation]
  3000 | D:4      | Reached XP level 6. HP: 41/48 MP: 6/6
  3057 | D:4      | Killed from afar by an orc priest

Illustrated notes

Levels and vault maps discovered:
D:1:      psy_arrival_spokes, layout_basic, dreamdust_wishing_well
D:2:      kb_forest_paths, layout_basic, st_stairs_9, chequers_jeans
D:3:      layout_rooms, serial_curves, eino_curves_03, eino_curves_03,
          hellmonk_ecumenical_altar_arch_garden, minmay_bisected, uniq_robin,
          uniq_terence
D:4:      layout_cave_pools, lemuel_doored_altar, serial_bayou_lagoon_a,
          uniq_sigmund

Skill      XL: |  1  2  3  4  5 |
---------------+----------------+-----
Fighting       | 3 4 |  4.0
Short Blades   | 3 4 |  4.0
Dodging        | 4 |  4.6
Throwing       | |  1.7

Action                     |  1- 3 |  4- 6 || total
---------------------------+-------+-------++-------
  Melee: Rapier            |    89 |    65 ||   154
         Punch             |     2 |       ||     2
         Dagger            |       |    71 ||    71
  Throw: Throwing net      |       |     1 ||     1
    Use: Scroll            |     6 |     5 ||    11
         Potion            |     2 |     3 ||     5
   Stab: Held in net/web   |       |     1 ||     1
 Armour: Leather armour    |    26 |    51 ||    77
  Dodge: Dodged            |    57 |    72 ||   129

Table legend: (Time is in decaauts)
 A = Elapsed time spent in this place.
 B = Non-inter-level travel time spent in this place.
 C = Inter-level travel time spent in this place.
 D = Time resting spent in this place.
 E = Time spent auto-exploring this place.
 F = Levels seen in this place.
 G = Mean time per level.
                   A        B        C        D        E       F      G
               +--------+--------+--------+--------+--------+-----+--------+
         Total |   3056 |   2868 |    188 |      7 |   2312 |   4 |  764.0 |
       Dungeon |   3056 |   2868 |    188 |      7 |   2312 |   4 |  764.0 |
               +--------+--------+--------+--------+--------+-----+--------+

Top non-repeatable levels by time:
     D:2: 1203 daAuts
     D:1: 886 daAuts
     D:3: 724 daAuts
     D:4: 242 daAuts
